 Dungeon Crawl Stone Soup version 0.28.0-45-g0d030f2227 (webtiles) character file.

Game seed: 3191718930117876414

81 selver the Shooter (level 4, -2/37 HPs)
             Began as a Minotaur Hunter on Apr 14, 2022.
             Slain by a gnoll
             ... wielding a +0 flail
              (6 damage)
             ... on level 5 of the Dungeon.
             The game lasted 00:05:41 (2510 turns).

selver the Shooter (Minotaur Hunter)                Turns: 2510, Time: 00:05:41

Health: -2/37      AC:  5    Str: 16 (19) XL:     4   Next: 19%
Magic:  3/3        EV: 11    Int:  5 (8)  God:
Gold:   89         SH:  0    Dex:  9 (10) Spells: 3/3 levels left

rFire   + . .      SeeInvis .   a - +1 shortbow
rCold   . . .      Faith    .   (shield currently unavailable)
rNeg    . . .      Spirit   .   l - +0 ring mail
rPois   .          Reflect  .   (helmet restricted)
rElec   .          Harm     .   (no cloak)
rCorr   .          Rampage  .   (no gloves)
Will    .....                   (no boots)
Stlth   +.........              (no amulet)
HPRegen 0.12/turn               n - ring of protection from fire
MPRegen 0.08/turn               (no ring)

@: lit by a corona, glowing, unable to read
A: horns 2, retaliatory headbutt, deterioration 1, mutation resistance 1,
inability to read while threatened
a: no special abilities


You were on level 5 of the Dungeon.
You visited 1 branch of the dungeon, and saw 4 of its levels.

You collected 89 gold pieces.

Inventory:

Hand Weapons
 a - a +1 shortbow (weapon)
 b - a +0 short sword
Missiles
 d - 9 arrows (quivered ammo)
 j - a throwing net
Armour
 c - a +0 leather armour
 l - a +0 ring mail (worn)
Jewellery
 n - a ring of protection from fire (left hand)
Scrolls
 e - a scroll of amnesia
 f - a scroll of acquirement {unknown}
 g - a scroll of teleportation {unknown}
 i - a scroll of identify {unknown}
 k - 2 scrolls of magic mapping {unknown}
 o - a scroll of vulnerability {unknown}
Potions
 h - a potion of mutation
 m - a potion of degeneration


   Skills:
 - Level 2.4 Fighting
 * Level 6.0 Bows
 + Level 1.7 Armour
 - Level 2.1 Dodging
 - Level 0.7 Stealth


You had 3 spell levels left.
You didn't know any spells.
Your spell library contained the following spells:

 Spells                   Type           Power      Damage    Failure   Level
 Beastly Appendage        Tmut           0%         N/A       69%         1
 Wereblood                Tmut           0%         N/A       83%         2
 Spider Form              Tmut/Pois      0%         N/A       96%         3


Dungeon Overview and Level Annotations

Branches:
Dungeon (3/15)

Altars:
Fedhas
Nemelex Xobeh

Annotations:
D:5 Sigmund


Innate Abilities, Weirdness & Mutations

You have a pair of horns on your head.
You reflexively headbutt those who attack you in melee.
Your body sometimes deteriorates upon taking damage.
You are somewhat resistant to further mutation.
You sometimes lose the ability to read scrolls when taking damage.


Message History

The adder bites you.
* * * LOW HITPOINT WARNING * * *
A sky beast appears from thin air!
Reactivating autopickup.
The adder misses you.
You see here 10 gold pieces.
The adder barely misses you.
Found 21 stones.
The adder closely misses you. You furiously retaliate!
You headbutt the adder.
You kill the adder!
Your Bows skill increases to level 6!
A gnoll shaman comes into view. It is wielding a +0 club.
The gnoll shaman shouts!
A gnoll comes into view. It is wielding a +0 flail.
The gnoll shouts!
You hear a shout!
A gnoll comes into view. It is wielding a +0 flail.
The gnoll shouts!
The gnoll shaman closely misses you.
Really attack while wielding your +1 shortbow? [Y]es or [N]o only, please.
Really attack while wielding your +1 shortbow?
Okay, then.
Unknown command.
Found a scroll labelled LEF DOFOCEDD.
The sky beast flickers out of sight!
Deactivating autopickup; reactivate with Ctrl-A.
The gnoll shaman mumbles some strange prayers to its god against you.
You are outlined in light.
Found a ring mail.
A sky beast appears from thin air!
Reactivating autopickup.
The sky beast flickers out of sight!
Deactivating autopickup; reactivate with Ctrl-A.
A sky beast appears from thin air!
Reactivating autopickup.
The gnoll shaman calls upon its god to speed up something.
As you read the scroll labelled RASICUMIUTT, it crumbles to dust.
It is a scroll of amnesia.
You feel forgetful for a moment. The gnoll hits you with a +0 flail.
You feel threatened and lose the ability to read scrolls!
You die...

#>..#####.####...........
#........................
#.[.#####.#..........####
##@## #.##[........# #.#
#.............# #.#
#######...###.## #####@#
####### #..... .# #.@...#
#..[..# #....# ..##
#.#####
#..@gY####..#.##.... ##.#
#......ยง.#..........
##.#.##
#.....##g#..........
#o###.#
#.....##.go.o.....#
##Y#.##
###########.#.##?## ##.#
#.#.# # ####.### #.#o##.#
#....@.###### #J.....##
#.##.#goY...#
#######O......#


You could see a sky beast, a gnoll shaman and a gnoll.

Vanquished Creatures
  An iguana (D:3)
  An adder (D:5)
  A worm (D:2)
  A dart slug (D:3)
  2 bats (D:1)
  2 endoplasms (D:1)
  A giant cockroach (D:1)
  8 goblins
  3 hobgoblins
  2 jackals (D:3)
  7 kobolds
  A quokka (D:1)
  3 ball pythons (D:2)
  3 frilled lizards
  2 rats (D:1)
38 creatures vanquished.

Notes
Turn   | Place    | Note
-------+----------+-------------------------------------------
     0 | D:1      | selver the Minotaur Hunter began the quest for the Orb.
     0 | D:1      | Reached XP level 1. HP: 18/18 MP: 0/0
   154 | D:1      | Reached XP level 2. HP: 25/25 MP: 1/1
   234 | D:1      | Reached skill level 5 in Bows
  1313 | D:2      | Found a sparkling altar of Nemelex Xobeh.
  1486 | D:2      | Reached XP level 3. HP: 30/30 MP: 2/2
  2082 | D:3      | Reached skill level 1 in Armour
  2110 | D:3      | Found a faded altar of an unknown god.
  2193 | D:3      | Reached XP level 4. HP: 37/37 MP: 3/3
  2397 | D:3      | You fall into a shaft and drop 2 floors!
  2397 | D:5      | Entered Level 5 of the Dungeon
  2401 | D:5      | Noticed Sigmund
  2402 | D:5      | Noticed a sky beast
  2454 | D:5      | Noticed an ogre
  2463 | D:5      | Found a blossoming altar of Fedhas.
  2478 | D:5      | Gained mutation: Your body sometimes deteriorates upon
                  | taking damage. [potion of mutation]
  2478 | D:5      | Gained mutation: You sometimes lose the ability to read
                  | scrolls when taking damage. [potion of mutation]
  2478 | D:5      | Gained mutation: You are somewhat resistant to further
                  | mutation. [potion of mutation]
  2485 | D:5      | HP: 1/37 [adder (2)]
  2496 | D:5      | Reached skill level 6 in Bows
  2510 | D:5      | Slain by a gnoll

Illustrated notes

Levels and vault maps discovered:
D:1:      nicolae_arrival_washed_ashore, layout_basic, minmay_tromino_v7
D:2:      layout_basic, basic_altar, minmay_distorted
D:3:      layout_loops_ring, mainiacjoe_overflow_catwalk_spiral,
          hellmonk_ecumenical_altar_run_dry
D:5:      layout_loops_cross, mainiacjoe_overflow_24_doors, uniq_sigmund

Skill      XL: |  1  2  3  4 |
---------------+-------------+-----
Bows           | 5 6 |  6.0
Armour         | 1 |  1.7
Fighting       | |  2.4
Dodging        | |  2.1
Stealth        | |  0.7

Action                   |  1- 3 |  4- 6 || total
-------------------------+-------+-------++-------
Melee: Short sword       |    16 |       ||    16
       Headbutt          |     3 |       ||     3
 Fire: Shortbow          |    77 |     3 ||    80
  Use: Potion            |     1 |     2 ||     3
       Scroll            |       |     1 ||     1
Armor: Leather armour    |     3 |       ||     3
       Ring mail         |     3 |    12 ||    15
Dodge: Dodged            |    18 |    17 ||    35
